 Seeded DCSS version 0.30-a0-540-g0af01429fa (webtiles) character file.

Game seed: 7699610741405272615 (custom seed)

28 purpskrrrp the Shooter (level 2, 0/17 HPs)
             Began as a Deep Elf Hunter on Dec 25, 2022.
             Slain by a goblin
             ... wielding a +0 club
              (3 damage)
             ... on level 1 of the Dungeon.
             The game lasted 00:01:25 (219 turns).

purpskrrrp the Shooter (Deep Elf Hunter)             Turns: 219, Time: 00:01:26

Health: 0/17       AC:  3    Str:  8    XL:     2   Next: 96%
Magic:  4/4        EV: 12    Int: 13    God:
Gold:   0          SH:  0    Dex: 18    Spells: 1/1 levels left

rFire   . . .      SeeInvis .    a - +0 shortbow
rCold   . . .      Faith    .    (shield currently unavailable)
rNeg    . . .      Spirit   .    c - +0 leather armour
rPois   .          Reflect  .    (no helmet)
rElec   .          Harm     .    g - scarf {repulsion}
rCorr   .          Rampage  .    (no gloves)
Will    .....                    (no boots)
Stlth   ++                       (no amulet)
HPRegen 0.22/turn                (no ring)
MPRegen 0.09/turn                (no ring)

@: repel missiles
A: no striking features
a: no special abilities


You were on level 1 of the Dungeon.
You visited 1 branch of the dungeon, and saw 1 of its levels.

Inventory:

Hand Weapons
 a - a +0 shortbow (weapon)
Armour
 c - a +0 leather armour (worn)
 g - a scarf of repulsion (worn)
Scrolls
 b - a scroll of immolation
 d - a scroll of fog {unknown}
 e - a scroll of poison {unknown}
Potions
 f - a potion of brilliance {unknown}


   Skills:
 - Level 2.0 Fighting
 + Level 5.7 Ranged Weapons
 - Level 3.0 Dodging
 - Level 2.1 Stealth


You had one spell level left.
You didn't know any spells.
Your spell library was empty.

Dungeon Overview and Level Annotations

Branches:
Dungeon (1/15)

Altars:


Message History

The frilled lizard attacks as you move away!
The frilled lizard barely misses you.
You shoot an arrow. The arrow barely misses the rat.
The rat closely misses you.
You shoot an arrow.
The arrow hits the rat but does no damage.
The frilled lizard bites you. The rat closely misses you.
You shoot an arrow. The arrow closely misses the rat.
The frilled lizard bites you. The rat closely misses you.
The frilled lizard completely misses you.
The rat bites you.
You are too injured to fight recklessly!
You are too injured to fight recklessly!
You are too injured to fight recklessly!
You are too injured to fight recklessly!
Fire: a) +0 shortbow
Press: ? - help, Q - select action Shift-Dir - straight line, f - hobgoblin, p - rat
Aim: a hobgoblin (64% to hit)
You shoot an arrow. The arrow hits the rat!
You kill the rat!
The frilled lizard barely misses you.
Fire: a) +0 shortbow
Press: ? - help, Q - select action Shift-Dir - straight line, f - goblin, p - hobgoblin
Aim: a goblin, wielding a +0 club (58% to hit)
You shoot an arrow. The arrow misses the goblin.
The frilled lizard misses you. The goblin hits you with a +0 club.
* * * LOW HITPOINT WARNING * * *
Fire: a) +0 shortbow
Press: ? - help, Q - select action Shift-Dir - straight line, f/p - goblin
Aim: a goblin, wielding a +0 club (58% to hit)
You shoot an arrow. The arrow closely misses the goblin.
The frilled lizard barely misses you. The goblin hits you with a +0 club.
* * * LOW HITPOINT WARNING * * *
Fire: a) +0 shortbow
Press: ? - help, Q - select action Shift-Dir - straight line, f/p - goblin
Aim: a goblin, wielding a +0 club (58% to hit)
You shoot an arrow. The arrow barely misses the goblin.
The frilled lizard bites you but does no damage.
The goblin hits you with a +0 club.
You die...

..>...>...........####.###.##
...†........)...........##.#
..#.................##.....#
..#.....†........#####'#####
............#)##.#.......).#
.................#.........#
#...)..........rg#..⌠...⌠..#
..............ggl#.........#
.$............##@+....<....+
.........r...#####.........#
....$........# #..⌠...⌠..#
...#........######.........#
.................#.........#
...#.............#####+#####
.........#..####.
..............
..........###.#


You could see a hobgoblin, 2 goblins, a frilled lizard and a rat.

Vanquished Creatures
  A gnoll (D:1)
  A bat (D:1)
  An endoplasm (D:1)
  A giant cockroach (D:1)
  3 goblins (D:1)
  A hobgoblin (D:1)
  2 ball pythons (D:1)
  3 frilled lizards (D:1)
  2 kobolds (D:1)
  2 rats (D:1)
17 creatures vanquished.

Notes
Turn   | Place    | Note
-------+----------+-------------------------------------------
     0 | D:1      | purpskrrrp the Deep Elf Hunter began the quest for the Orb.
     0 | D:1      | Reached XP level 1. HP: 12/12 MP: 3/3
    56 | D:1      | Reached XP level 2. HP: 8/17 MP: 4/4
   219 | D:1      | Slain by a goblin

Illustrated notes

Levels and vault maps discovered:
D:1:      mushboom_english_gardens, layout_rooms

Skill      XL: |  1  2 |
---------------+-------+-----
Stealth        | 2 |  2.1
Fighting       | 2 |  2.0
Dodging        | 3 |  3.0
Ranged Weapons | |  5.7

Action                   || total
-------------------------++-------
 Fire: Shortbow          ||    54
Armor: Leather armour    ||    11
Dodge: Dodged            ||    58

Table legend: (Time is in decaauts)
 A = Elapsed time spent in this place.
 B = Non-inter-level travel time spent in this place.
 C = Inter-level travel time spent in this place.
 D = Time resting spent in this place.
 E = Time spent auto-exploring this place.
 F = Levels seen in this place.
 G = Mean time per level.
                   A        B        C        D        E       F      G
               +--------+--------+--------+--------+--------+-----+--------+
         Total |    233 |    233 |      0 |     57 |     41 |   1 |  233.0 |
       Dungeon |    233 |    233 |      0 |     57 |     41 |   1 |  233.0 |
               +--------+--------+--------+--------+--------+-----+--------+

Top non-repeatable levels by time:
     D:1: 233 daAuts
